Map: Apotheosis LE

Players

Pindar - Winner!

  • Race: Terran Terran
  • League: Gold
  • Spawn Location: 11:00

Fropez

  • Race: Protoss Protoss
  • League: Gold
  • Spawn Location: 5:00

VOD

Have the link to the VOD?

Description

Time

  • Played on: Sept. 4, 2016, 2:57 p.m.
  • Length: 13:31
Show
View Real Time Build Order
Export as new Build Order

Pindar Terran - Winner!

Build Orders: MMM Bio 

Get SALT Encoding   

  12  0:01  SCV  
  13  0:15  SCV  
  14  0:22  Supply Depot  
  14  0:27  SCV  
  15  0:45  SCV  
  15  0:48  Barracks  
  16  0:57  SCV  
  17  1:06  Supply Depot  
  17  1:09  SCV  
  18  1:16  Barracks  
  18  1:22  SCV  
  19  1:35  Marine  
  20  1:49  Orbital Command  
  20  1:53  Marine  
  21  2:02  Marine  
  22  2:09  Command Center  
  22  2:10  Marine  
  23  2:17  Refinery  
  23  2:18  SCV, Refinery  
  23  2:22  Marine  
  25  2:38  SCV  
  25  2:39  Marine  
  25  2:43  Supply Depot  
  27  2:49  Marine  
  28  3:00  Marine  
  28  3:01  SCV  
  30  3:07  Marine  
  30  3:08  Barracks  
  31  3:17  SCV  
  32  3:21  Marine, Supply Depot  
  32  3:24  Orbital Command  
  33  3:33  SCV  
  34  3:34  Marine  
  34  3:40  Marine, Bunker  
  36  3:46  Supply Depot  
  36  3:47  SCV  
  37  3:56  Marine  
  37  3:57  Barracks Tech Lab  
  37  3:58  SCV  
  37  3:59  Marine  
  40  4:05  SCV  
  40  4:08  Orbital Command  
  41  4:15  Marine  
  44  4:17  Marauder  
  44  4:18  Combat Shields  
  44  4:21  SCV  
  45  4:37  Barracks Reactor  
  45  4:38  SCV x2  
  47  4:39  Barracks Tech Lab  
  47  4:44  Supply Depot  
  47  4:50  SCV  
  48  4:58  Marauder  
  52  5:00  Marauder  
  52  5:07  SCV  
  52  5:08  SCV  
  54  5:17  Marine, Engineering Bay  
  54  5:18  Marine  
  54  5:20  SCV x2  
  55  5:33  Marine x2  
  54  5:35  Marine  
  54  5:36  Marine  
  45  5:56  Marine x2  
  45  5:57  Marine x2  
  34  6:02  SCV x2, Missile Turret  
  38  6:09  Missile Turret  
  38  6:14  Marine, SCV x2  
  41  6:20  Marine x2  
  41  6:21  Marine  
  41  6:23  Stimpack  
  41  6:25  Terran Infantry Weapons Level 1  
  44  6:26  SCV x2  
  44  6:30  Missile Turret  
  44  6:32  Marine  
  47  6:38  Marine, SCV x2  
  50  6:42  Marine x2  
  50  6:44  Barracks  
  52  6:50  Marine, SCV  
  54  6:56  Marine, SCV  
  56  7:02  SCV  
  57  7:12  Marine x3  
  57  7:14  Marine  
  61  7:18  SCV x2  
  63  7:30  SCV x2  
  63  7:32  Barracks Reactor  
  63  7:33  Marine x4, Barracks  
  69  7:42  SCV  
  69  7:43  SCV  
  71  7:50  Marine  
  71  7:51  Marine  
  73  7:55  Marine, SCV x2  
  73  7:56  Marine  
  77  8:07  SCV  
  77  8:09  Barracks  
  78  8:12  Barracks  
  78  8:13  Marine x6  
  78  8:14  SCV  
  78  8:19  SCV  
  86  8:23  Marine  
  86  8:24  Supply Depot  
  87  8:27  Supply Depot  
  87  8:31  Marine  
  88  8:47  Supply Depot  
  87  8:50  Supply Depot  
  87  8:55  Marine  
  87  8:56  Marine x5  
  87  8:57  Marine  
  94  9:03  Missile Turret x2  
  94  9:05  Missile Turret  
  94  9:07  Missile Turret  
  90  9:13  Marine x2  
  90  9:14  Marine x3  
  95  9:19  Marine x2  
  82  9:31  Marine x3  
  82  9:32  Marine x2  
  82  9:37  Marine x2  
  89  9:38  SCV  
  89  9:39  SCV  
  91  9:48  Terran Infantry Armor Level 1  
  91  9:49  Marine  
  91  9:51  SCV x2  
  91  9:52  Factory  
  94  9:55  Marine x3  
  94  9:56  Marine x3  
  100  10:03  SCV x2  
  102  10:07  Marine  
  102  10:13  Marine x2  
  100  10:22  Marine  
  100  10:23  Marine x3  
  100  10:25  Marine  
  105  10:31  Marine x2  
  105  10:48  Marine x5  
  105  10:49  Marine  
  102  10:58  Marine  
  102  11:02  SCV x2  
  92  11:05  Marine  
  92  11:06  Marine x4  
  89  11:14  SCV  
  89  11:15  SCV, Armory  
  87  11:20  Marine x2  
  87  11:23  Marine x2  
  87  11:24  Marine x3  
  94  11:26  SCV  
  94  11:27  SCV  
  96  11:34  Barracks  
  96  11:35  Barracks  
  96  11:36  Command Center  
  96  11:38  Marine x2  
  96  11:39  Barracks  
  98  11:41  Marine x4  
  98  11:42  Marine x3  
  105  11:55  Marine  
  106  12:13  Marine x5  
  106  12:14  Marine x4  
  108  12:30  Marine  
  108  12:31  Marine  
  108  12:32  Marine  
  108  12:33  Marine x2  
  108  12:34  Barracks Reactor x4  
  113  12:40  Marine x3  
  116  12:48  Marine  
  116  12:49  Marine  
  116  12:50  Marine x2  
  116  12:51  Marine  
  121  12:57  Marine  
  121  12:58  Marine x2  
Show
View Real Time Build Order
Export as new Build Order

Fropez Protoss 

Build Orders: 1 Gate Expand 

Get SALT Encoding   

  12  0:01  Probe (Chrono Boost)  
  13  0:15  Pylon  
  13  0:17  Probe (Chrono Boost)  
  14  0:29  Probe (Chrono Boost)  
  14  0:33  Gateway  
  15  0:51  Probe (Chrono Boost)  
  16  1:19  Nexus  
  16  1:22  Cybernetics Core  
  16  1:27  Assimilator  
  16  1:29  Probe (Chrono Boost)  
  17  1:41  Pylon, Probe (Chrono Boost)  
  18  1:52  Probe (Chrono Boost)  
  19  1:58  Assimilator  
  19  2:15  Pylon  
  19  2:20  Probe (Chrono Boost)  
  20  2:24  Warp Gate (Chrono Boost)  
  20  2:32  Pylon, Stalker  
  20  2:33  Probe  
  20  2:36  Probe  
  24  2:50  Probe  
  25  3:02  Gateway  
  25  3:03  Probe  
  25  3:04  Gateway  
  27  3:16  Stargate  
  27  3:19  Probe  
  27  3:26  Mothership Core  
  28  3:31  Probe  
  28  3:32  Assimilator  
  30  3:36  Assimilator  
  30  3:43  Probe  
  30  3:46  Probe  
  31  4:04  Oracle (Chrono Boost)  
  31  4:09  Probe  
  35  4:13  Probe  
  36  4:23  Adept x3  
  42  4:30  Probe  
  43  4:41  Twilight Council  
  43  4:46  Pylon, Probe x2  
  43  4:52  Pylon  
  45  4:56  Oracle (Chrono Boost)  
  48  5:10  Zealot x3  
  48  5:57  Oracle (Chrono Boost)  
  48  6:03  Blink (Chrono Boost)  
  48  6:04  Stalker x3  
  57  6:18  Pylon x2  
  57  6:23  Pylon  
  57  6:26  Gateway  
  57  6:28  Pylon, Gateway  
  57  6:33  Forge  
  57  6:37  Oracle  
  57  6:41  Gateway  
  57  6:44  Pylon  
  60  6:47  Stalker  
  60  6:49  Probe  
  60  6:50  Probe  
  64  6:59  Protoss Ground Weapons Level 1 (Chrono Boost)  
  64  7:02  Probe  
  66  7:13  Oracle (Chrono Boost)  
  68  7:23  Pylon  
  68  7:24  Pylon  
  68  7:31  Stalker  
  68  7:33  Photon Cannon  
  70  7:48  Oracle (Chrono Boost)  
  70  7:50  Stalker x2  
  77  7:56  Sentry x3  
  86  8:27  Oracle (Chrono Boost)  
  62  9:28  Stalker x3  
  62  9:30  Stalker x2  
  72  9:31  Stalker  
  72  9:35  Probe x2  
  76  9:47  Probe x2  
  76  9:48  Nexus  
  76  9:51  Pylon  
  78  9:55  Pylon  
  78  9:59  Probe x2  
  80  10:06  Stalker x3  
  86  10:08  Stalker x2  
  62  11:00  Probe  
  62  11:01  Probe  
  47  11:10  Nexus, Stalker x4  
  45  11:12  Probe  
  45  11:13  Probe  
  45  11:24  Probe  
  45  11:25  Probe  
  47  11:31  Resonating Glaives (Chrono Boost)  
  47  11:32  Pylon  
  47  11:53  Oracle  
  50  12:08  Sentry x4  
  53  12:39  Pylon  
  53  12:41  Pylon  
  53  12:45  Adept x3  
  56  13:17  Adept x2  
Tags
 
Composition
MMM Bio
League
GoldGold
Matchup
PvT
Replay Pack
All Mines
Spawn Locations
Cross Positions
Add a new tag
Caveats
  • Supply blocks, unpowered buildings, or Contaminate may cause inaccurate times.
  • Supply counts are checked every 10 seconds.